 Seeded DCSS version 0.28.0-53-g5a82cb258f (webtiles) character file.

Game seed: 9894091743887784001 (custom seed)

89 Iusername the Skirmisher (level 4, 0/41 HPs)
             Began as a Minotaur Fighter on Sept 12, 2022.
             Killed from afar by Sigmund (3 damage)
             ... with a puff of flame
             ... on level 3 of the Dungeon.
             The game lasted 00:02:23 (1596 turns).

Iusername the Skirmisher (Minotaur Fighter)         Turns: 1596, Time: 00:02:24

Health: 0/41       AC:  7    Str: 20    XL:     4   Next: 31%
Magic:  3/3        EV:  9    Int: 13    God:
Gold:   109        SH:  4    Dex: 10    Spells: 3/3 levels left

rFire   . . .      SeeInvis .   a - +0 war axe
rCold   . . .      Faith    .   c - +0 buckler
rNeg    . . .      Spirit   .   b - +0 scale mail
rPois   .          Reflect  .   (helmet restricted)
rElec   .          Harm     .   (no cloak)
rCorr   .          Rampage  .   (no gloves)
Will    .....                   (no boots)
Stlth   ..........              e - amulet of regeneration
HPRegen 0.93/turn               h - +6 ring of intelligence
MPRegen 0.08/turn               (no ring)

@: no status effects
A: horns 2, retaliatory headbutt
a: no special abilities


You were on level 3 of the Dungeon.
You visited 1 branch of the dungeon, and saw 3 of its levels.

You collected 109 gold pieces.

Inventory:

Hand Weapons
 a - a +0 war axe (weapon)
Armour
 b - a +0 scale mail (worn)
 c - a +0 buckler (worn)
Jewellery
 e - an amulet of regeneration (around neck)
 h - a +6 ring of intelligence (left hand)
 o - a ring of protection from fire
Scrolls
 g - a scroll of immolation {unknown}
 j - a scroll of identify {unknown}
Potions
 d - 2 potions of might
 f - a potion of curing {unknown}
 i - a potion of lignification {unknown}
 l - 4 potions of degeneration {unknown}
 m - a potion of mutation {unknown}
 n - a potion of attraction {unknown}


   Skills:
 + Level 4.4 Fighting
 + Level 3.4 Axes
 + Level 4.4 Armour
 + Level 4.4 Shields


You had 3 spell levels left.
You didn't know any spells.
Your spell library was empty.

Dungeon Overview and Level Annotations

Branches:
Dungeon (3/15)

Altars:

Shops:
D:3 !

Annotations:
D:3 Sigmund


Innate Abilities, Weirdness & Mutations

You have a pair of horns on your head.
You reflexively headbutt those who attack you in melee.


Message History

The frilled lizard bites you.
The giant cockroach bites you but does no damage.
Something hits you.
The frilled lizard bites you but does no damage.
You block the giant cockroach's attack.
The frilled lizard hisses.
The frilled lizard barely misses you. Something hits you.
You closely miss the frilled lizard. You barely miss the giant cockroach.
The giant cockroach barely misses you. You block the frilled lizard's attack.
The giant cockroach barely misses you. You furiously retaliate!
You headbutt the giant cockroach. Something hits you.
You barely miss the frilled lizard. You barely miss the giant cockroach.
The frilled lizard bites you but does no damage.
You block the giant cockroach's attack.
The frilled lizard bites you but does no damage.
Something hits you!
The giant cockroach bites you but does no damage.
You miss the frilled lizard.
Your headbutt misses the frilled lizard.
You hit the giant cockroach.
You kill the giant cockroach!
The frilled lizard barely misses you. You furiously retaliate!
You headbutt the frilled lizard!
You kill the frilled lizard!
Something hits you but does no damage.
You see here a frilled lizard corpse.
You closely miss something. Your headbutt misses something. Something hits you!
* * * LOW HITPOINT WARNING * * *
You completely miss something.
You hear some strange, mumbled words.
A puff of flame appears from out of thin air!
The puff of flame hits you.
* * * LOW HITPOINT WARNING * * *
You barely miss something. You headbutt something. Something hits you.
* * * LOW HITPOINT WARNING * * *
It was a potion of magic.
Magic courses through your body.
You hear some strange, mumbled words.
A puff of flame appears from out of thin air!
The puff of flame hits you.
You die...

#...........
#..........#
....(......
..........###
....).......##
.............#
..(..∩.....#.#
...........#.#
.......@†..#.#
.......{†.##.#
#.#........#.# #
########.#.#####
#.#.....#
#.......#
##......#
#......#
#......#


There were no monsters in sight!

Vanquished Creatures
  Jessica (D:2)
  Robin (D:2)
  An adder (D:2)
  5 endoplasms
  2 giant cockroaches
  9 goblins
  2 hobgoblins (D:1)
  5 quokkas
  3 ball pythons (D:1)
  3 bats
  4 frilled lizards
  3 kobolds (D:2)
  2 rats
41 creatures vanquished.

Notes
Turn   | Place    | Note
-------+----------+-------------------------------------------
     0 | D:1      | Iusername the Minotaur Fighter began the quest for the Orb.
     0 | D:1      | Reached XP level 1. HP: 19/19 MP: 0/0
   149 | D:1      | Reached XP level 2. HP: 25/27 MP: 1/1
   467 | D:1      | Found a faded altar of an unknown god.
   897 | D:2      | Noticed Jessica
   903 | D:2      | Killed Jessica
   904 | D:2      | Reached XP level 3. HP: 31/33 MP: 2/2
  1144 | D:2      | Noticed Robin
  1152 | D:2      | Killed Robin
  1153 | D:2      | Reached XP level 4. HP: 41/41 MP: 3/3
  1574 | D:3      | Found Daykhary's Distillery.
  1577 | D:3      | Noticed Sigmund
  1594 | D:3      | HP: 2/41 [something/puff of flame (5)]
  1596 | D:3      | Killed from afar by Sigmund

Illustrated notes

Levels and vault maps discovered:
D:1:      minmay_arrival_doors, layout_loops_ring,
          chequers_ecumenical_altar_simple, kennysheep_another_room
D:2:      layout_basic, minmay_cupped, uniq_jessica, uniq_robin
D:3:      kennysheep_goblin_castle, layout_rooms,
          gammafunk_temple_overflow_statue, serial_shops, shop, corexii_shack,
          st_stairs_2, uniq_sigmund

Skill      XL: |  1  2 |
---------------+-------+-----
Shields        | 4 |  4.4
Fighting       | 4 |  4.4
Axes           | 3 |  3.4
Armour         | 4 |  4.4

Action                   |  1- 3 |  4- 6 || total
-------------------------+-------+-------++-------
Melee: War axe           |    57 |    22 ||    79
       Headbutt          |    12 |     5 ||    17
  Use: Potion            |       |     1 ||     1
Armor: Scale mail        |    31 |    13 ||    44
Dodge: Dodged            |    32 |    13 ||    45
Block: Buckler           |    12 |    11 ||    23
